 Dungeon Crawl Stone Soup version 0.29-a0-551-gffc1d7fb78 (webtiles) character file.

Game seed: 14156849128057048304

84 shadowstone the Covered (level 4, -2/28 HPs)
             Began as a Gargoyle Fighter on June 5, 2022.
             Was an Initiate of Ru.
             Slain by an iguana (6 damage)
             ... on level 4 of the Dungeon.
             The game lasted 00:07:14 (1495 turns).

shadowstone the Covered (Gargoyle Fighter)          Turns: 1495, Time: 00:07:16

Health: -2/28      AC: 10    Str: 21    XL:     4   Next: 45%
Magic:  4/4        EV:  9    Int:  9    God:    Ru [......]
Gold:   123        SH:  4    Dex:  9    Spells: 3/3 levels left

rFire   . . .      SeeInvis .   a - +0 flail
rCold   . . .      Faith    .   c - +0 buckler
rNeg    + . .      Spirit   .   b - +0 scale mail
rPois   ∞          Reflect  .   (no helmet)
rElec   +          Harm     .   (no cloak)
rCorr   .          Rampage  .   (no gloves)
Will    .....                   (no boots)
Stlth   ..........              k - amulet of magic regeneration
HPRegen 0.09/turn               (no ring)
MPRegen 0.49/turn               (no ring)

@: no status effects
A: sickness immunity, AC +3, negative energy resistance 1, electricity
resistance, torment resistance 1, petrification resistance
a: Renounce Religion, Sacrifice Stealth, Sacrifice Resistance, Sacrifice Health,
Reject Sacrifices


You were on level 4 of the Dungeon.
You worshipped Ru.
Ru was noncommittal.
You visited 1 branch of the dungeon, and saw 4 of its levels.

You collected 123 gold pieces.

Inventory:

Hand Weapons
 a - a +0 flail (weapon)
Missiles
 g - 5 atropa-tipped darts (quivered)
Armour
 b - a +0 scale mail (worn)
 c - a +0 buckler (worn)
Jewellery
 k - an amulet of magic regeneration (around neck)
Wands
 h - a wand of digging (4)
Scrolls
 e - a scroll of acquirement {unknown}
 i - a scroll of identify {unknown}
 j - a scroll of teleportation {unknown}
 l - a scroll of enchant weapon {unknown}
Potions
 d - a potion of might
 f - 2 potions of attraction {unknown}
 m - a potion of heal wounds {unknown}


   Skills:
 + Level 3.5 Fighting
 + Level 3.3 Maces & Flails
 + Level 4.0 Armour
 + Level 0.2 Dodging
 + Level 3.8 Shields


You had 3 spell levels left.
You didn't know any spells.
Your spell library contained the following spells:

 Spells                   Type           Power      Damage    Failure   Level
 Foxfire                  Conj/Fire      0%         2x1d4     80%         1
 Conjure Flame            Conj/Fire      0%         6-21      99%         3
 Gell's Gravitas          Tloc           0%         N/A       99%         3
 Ignite Poison            Fire/Tmut/Pois 0%         N/A       99%         3
 Inner Flame              Hex/Fire       0%         N/A       99%         3
 Lesser Beckoning         Tloc           0%         N/A       99%         3
 Mephitic Cloud           Conj/Pois/Air  0%         N/A       99%         3
 Teleport Other           Tloc           0%         N/A       99%         3
 Flame Wave               Conj/Fire      0%         2d4       100%        4
 Freezing Cloud           Conj/Ice/Air   0%         6-21      100%        5


Dungeon Overview and Level Annotations

Branches:
Dungeon (4/15)
 Temple: D:4-7

Altars:
Ru
Wu Jian

Shops:
D:1 ?


Innate Abilities, Weirdness & Mutations

You are immune to sickness and miasma.
Your stone body is resilient. (AC +3)
You are immune to poison.
You resist negative energy. (rN+)
You are resistant to electric shocks. (rElec)
You are resistant to unholy torment.
You are immune to petrification.


Message History

The orc hits you but does no damage.
You hit the orc but do no damage.
An adder comes into view.
The orc closely misses you.
The adder hisses angrily.
You hit the orc.
You kill the orc!
Things that are here:
a +2 dagger of venom; a +0 ring mail; 11 gold pieces The adder barely misses you.
The adder bites you but does no damage. The adder attacks as you move away!
The adder barely misses you.
You hit the adder.
The adder is heavily wounded.
The adder barely misses you. The adder bites you but does no damage.
You closely miss the adder.
The adder is heavily wounded.
The adder bites you but does no damage. The adder barely misses you.
You sock the adder!
You kill the adder!
You now have 123 gold pieces (gained 11).
Things that are here:
a +2 dagger of venom; a +0 ring mail
Okay, then.
An iguana comes into view.
The iguana hisses angrily.
Found a flail.
A black bear comes into view.
The black bear growls angrily.
You sock the iguana!
The iguana is heavily wounded.
The iguana bites you. The iguana bites you!
You hit the iguana.
The iguana is heavily wounded.
The iguana bites you!
* * * LOW HITPOINT WARNING * * *
You barely miss the iguana.
The iguana is heavily wounded.
The iguana bites you.
You die...

#..#.#.#.. ##........## .
. ...#.#.#.. ...#
......... .....
########.#.#.#.##.)...#
#>............... .....
#.........####.##......
#.....)......l@..h.#
###...########...........
.......# #....##.#.#.
<).....# .#.....# #
...........#.#.......
.......#.###.########.
...........#..... #
........##.######
........# ...


You could see a black bear and an iguana.

Vanquished Creatures
  5 adders
  A worm (D:2)
  A dart slug (D:1)
  2 orcs
  2 ball pythons (D:1)
  2 endoplasms (D:1)
  A giant cockroach (D:3)
  3 hobgoblins (D:1)
  A quokka (D:1)
  3 bats
  2 frilled lizards
  4 goblins
  4 kobolds
  3 rats (D:1)
34 creatures vanquished.

Vanquished Creatures (others)
  2 withered plants (D:1)
2 creatures vanquished.

Grand Total: 36 creatures vanquished

Notes
Turn   | Place    | Note
-------+----------+-------------------------------------------
     0 | D:1      | shadowstone the Gargoyle Fighter began the quest for the
                  | Orb.
     0 | D:1      | Reached XP level 1. HP: 14/14 MP: 1/1
   239 | D:1      | Reached XP level 2. HP: 19/19 MP: 2/2
   272 | D:1      | Found a faded altar of an unknown god.
   287 | D:1      | Prayed at the altar of an unknown god.
   287 | D:1      | Became a worshipper of Ru the Awakened
   654 | D:1      | Found Nioplergh's Magic Scroll Shoppe.
  1008 | D:2      | Reached XP level 3. HP: 23/23 MP: 3/3
  1191 | D:3      | Reached XP level 4. HP: 25/28 MP: 4/4
  1242 | D:3      | Found an ornate altar of the Wu Jian Council.
  1365 | D:3      | Reached skill level 4 in Armour
  1491 | D:4      | Noticed a black bear
  1495 | D:4      | Slain by an iguana

Illustrated notes

Levels and vault maps discovered:
D:1:      dpeg_arrival_pits, layout_loops_corners,
          ebering_ecumenical_altar_petrified, serial_shops,
          nicolae_shop_waterfront, minmay_3d_cube
D:2:      layout_loops_cross, serial_shops, nicolae_shop_stone, serial_forest,
          infiniplex_forest_side_room, infiniplex_forest_lined_2,
          infiniplex_forest_straight_2, infiniplex_forest_zigzag_1,
          infiniplex_forest_straight_2, infiniplex_forest_straight_2
D:3:      minmay_chambers_of_twos, layout_loops_ring,
          nicolae_wu_jian_immortal_techniques,
          mainiacjoe_overflow_six_doors_small
D:4:      layout_loops_ring, mainiacjoe_overflow_chevrons,
          serial_co_window_serial, co_window_corner_a, co_window_corner_a,
          co_window_of_opportunity_a, co_window_corner_a, co_window_corner_a,
          co_window_corner_a, co_window_corner_a, co_window_broadway_b,
          co_window_corner_cb, co_window_broadway_c, co_window_unsneaky_path_c,
          co_window_paths_c, co_window_2corner, glass_columns_c,
          glass_columns_b, glass_columns_b, glass_columns_a, glass_columns_b,
          nicolae_shop_gadgets

Skill      XL: |  1  2  3  4 |
---------------+-------------+-----
Maces & Flails | 3 |  3.3
Armour         | 4 |  4.0
Fighting       | |  3.5
Dodging        | |  0.2
Shields        | |  3.8

Action                   |  1- 3 |  4- 6 || total
-------------------------+-------+-------++-------
Melee: Flail             |    80 |    34 ||   114
Armor: Scale mail        |    61 |    24 ||    85
Dodge: Dodged            |    40 |    19 ||    59
Block: Buckler           |    24 |     5 ||    29

Table legend: (Time is in decaauts)
 A = Elapsed time spent in this place.
 B = Non-inter-level travel time spent in this place.
 C = Inter-level travel time spent in this place.
 D = Time resting spent in this place.
 E = Time spent auto-exploring this place.
 F = Levels seen in this place.
 G = Mean time per level.
                   A        B        C        D        E       F      G
               +--------+--------+--------+--------+--------+-----+--------+
         Total |   1531 |   1521 |     10 |    155 |      0 |   4 |  382.8 |
       Dungeon |   1531 |   1521 |     10 |    155 |      0 |   4 |  382.8 |
               +--------+--------+--------+--------+--------+-----+--------+

Top non-repeatable levels by time:
     D:1: 980 daAuts
     D:3: 272 daAuts
     D:2: 228 daAuts
     D:4: 49 daAuts
